 Dungeon Crawl Stone Soup version 0.30.1-3-gfc49f6343a (webtiles) character file.

Game seed: 17197116920422989418

16 shmup the Firebug (level 2, 0/15 HPs)
             Began as a Tengu Fire Elementalist on July 24, 2023.
             Slain by a quokka (2 damage)
             ... on level 2 of the Dungeon.
             The game lasted 00:03:26 (967 turns).

shmup the Firebug (Tengu Fire Elementalist)          Turns: 967, Time: 00:03:27

Health: 0/15       AC:  2    Str:  8    XL:     2   Next: 54%
Magic:  4/6        EV: 12    Int: 15    God:
Gold:   127        SH:  0    Dex: 14    Spells: 2/5 levels left

rFire   . . .        k - +0 short sword
rCold   . . .        (no shield)
rNeg    . . .        a - +0 robe
rPois   .            (helmet restricted)
rElec   .            (no cloak)
rCorr   +            (no gloves)
SInv    .            (boots unavailable)
Will    .....        (no amulet)
Stlth   ++           h - ring of resist corrosion
HPRegen 0.22/turn    (no ring)
MPRegen 0.10/turn

%: no passive effects
@: no status effects
A: beak, talons 3
a: no special abilities


You were on level 2 of the Dungeon.
You visited 1 branch of the dungeon, and saw 2 of its levels.

You collected 127 gold pieces.

Inventory:

Hand Weapons
 k - a +0 short sword (weapon)
Missiles
 j - 3 stones (quivered)
Armour
 a - a +0 robe (worn)
 i - an orb of light
Jewellery
 h - a ring of resist corrosion (left hand)
Scrolls
 c - a scroll of summoning {unknown}
 d - 2 scrolls of identify {unknown}
 f - a scroll of teleportation {unknown}
 g - a scroll of immolation {unknown}
 m - a scroll of blinking {unknown}
 n - a scroll of poison {unknown}
Potions
 b - a potion of magic
 e - 2 potions of lignification {unknown}
 l - 2 potions of curing {unknown}
 o - a potion of attraction {unknown}


   Skills:
 - Level 2.1 Dodging
 - Level 2.0 Stealth
 - Level 2.0 Spellcasting
 + Level 2.1 Conjurations
 * Level 4.0 Fire Magic


You had 2 spell levels left.
You knew the following spells:

 Your Spells              Type           Power      Damage    Failure   Level
a - Foxfire               Conj/Fire      40%        2x1d6     6%          1
b - Scorch                Fire           26%        2d6       6%          2

Your spell library contained the following spells:

 Spells                   Type           Power      Damage    Failure   Level
 Inner Flame              Hex/Fire       7%         N/A       28%         3
 Volatile Blastmotes      Fire/Tloc      14%        2d11      28%         3
 Flame Wave               Conj/Fire      10%        2d6       52%         4


Dungeon Overview and Level Annotations

Branches:
Dungeon (2/15)

Altars:

Annotations:
D:2 1 runed translucent door, Crazy Yiuf


Innate Abilities, Weirdness & Mutations

You have a beak for a mouth.
You have claws for feet.


Message History

Found an emerald potion and a grey potion.
The hobgoblin shouts!
Casting: Foxfire (safe; 6% risk of failure)
Confirm with . or Enter, or press ? or * to list all spells.
You conjure some foxfire!
The foxfire hits the rat.
The rat is severely wounded.
The foxfire hits the rat.
You kill the rat!
A quokka comes into view.
Casting: Foxfire (safe; 6% risk of failure)
Confirm with . or Enter, or press ? or * to list all spells.
You conjure some foxfire!
The foxfire hits the kobold.
You kill the kobold!
Your Fire Magic skill increases to level 4!
The foxfire hits the hobgoblin.
The hobgoblin is severely wounded.
The hobgoblin hits you.
Casting: Foxfire (safe; 6% risk of failure)
Confirm with . or Enter, or press ? or * to list all spells.
You conjure some foxfire!
The hobgoblin barely misses you.
The foxfire hits the dart slug.
The dart slug is lightly wounded.
The foxfire hits the hobgoblin.
The hobgoblin is severely wounded.
The hobgoblin misses you. The dart slug launches a dart at you.
The slug dart hits you.
* * * LOW HITPOINT WARNING * * *
You hear a shout!
Unknown command.
The hobgoblin attacks as you move away! The hobgoblin hits you.
* * * LOW HITPOINT WARNING * * *
The quokka attacks as you move away! The quokka barely misses you.
The hobgoblin misses you. The quokka attacks as you move away!
The quokka bites you.
* * * LOW HITPOINT WARNING * * *
The quokka bites you but does no damage.
The quokka attacks as you move away! The quokka bites you.
You die...

▒. ▒▒.▒▒...
▒▒.▒▒
▒..▒..! ▒..▒
▒..▒.(▒ ▒..▒
▒)...!▒ ▒..▒
▒..... ▒..▒
▒).▒ ▒▒.▒▒
▒..▒▒▒▒▒▒..▒
▒▒w.......▒▒
▒▒▒grQ.▒▒▒
▒▒▒▒▒▒


You could see a dart slug, a quokka and a hobgoblin.

Vanquished Creatures
  A worm (D:2)
  3 giant cockroaches (D:1)
  A goblin (D:1)
  A hobgoblin (D:2)
  A quokka (D:1)
  A ball python (D:1)
  3 kobolds
  2 rats (D:2)
13 creatures vanquished.

Vanquished Creatures (others)
  48 foxfires
48 creatures vanquished.

Grand Total: 61 creatures vanquished

Notes
Turn   | Place    | Note
-------+----------+-------------------------------------------
     0 | D:1      | shmup the Tengu Fire Elementalist began the quest for the
                  | Orb.
     0 | D:1      | Reached XP level 1. HP: 10/10 MP: 4/4
   313 | D:1      | Reached XP level 2. HP: 15/15 MP: 4/6
   658 | D:2      | Learned a level 2 spell: Scorch
   874 | D:2      | Found a runed translucent door.
   875 | D:2      | Noticed Crazy Yiuf
   959 | D:2      | Reached skill level 4 in Fire Magic
   967 | D:2      | Slain by a quokka

Illustrated notes

Levels and vault maps discovered:
D:1:      scummos_arrival_simple_crosswalls, layout_rooms
D:2:      layout_rooms, minmay_randomly_rotated_circles,
          uniq_crazy_yiuf_cottage, uniq_natasha

Skill      XL: |  1  2 |
---------------+-------+-----
Conjurations   | 2 |  2.1
Fire Magic     | 4 |  4.0
Dodging        | |  2.1
Stealth        | |  2.0
Spellcasting   | |  2.0

Action                     || total
---------------------------++-------
  Melee: Short sword       ||     3
         Kick              ||     2
         Unarmed           ||     1
         Peck              ||     1
   Cast: Foxfire           ||    27
 Armour: Robe              ||     1
  Dodge: Dodged            ||     6
